 Dungeon Crawl Stone Soup version 0.31.0-12-g77e489cdc1 (webtiles) character file.

Game seed: 5076583677867897777

3780 H0rd4k the Martial Artist (level 10, -2/66 HPs)
             Began as an Octopode Artificer on Mar 6, 2024.
             Was an Initiate of Gozag.
             Slain by an ice beast (5 damage)
             ... on level 8 of the Dungeon.
             The game lasted 00:10:52 (7683 turns).

H0rd4k the Martial Artist (Octopode Artificer)      Turns: 7683, Time: 00:10:53

Health: -2/66      AC:  5    Str: 11    XL:     10   Next: 16%
Magic:  10/10      EV: 13    Int: 17    God:    Gozag
Gold:   674        SH:  0    Dex: 14    Spells: 9/9 levels left

rFire   . .          .
                       - Unarmed
rCold   . . .        (no shield)
rNeg    . . .        (helmet restricted)
rPois   .            (no amulet)
rElec   .            w - +4 ring of protection
rCorr   .            (no ring)
SInv    .            (no ring)
Will    .....        (no ring)
Stlth   +++          (no ring)
HPRegen 0.31/turn    (no ring)
MPRegen 0.12/turn    (no ring)
                     (no ring)

%: no passive effects
@: no status effects
A: almost no armour, amphibious, 8 rings, camouflage 1, gelatinous body 1,
(nimble swimmer 1), tentacles
a: Renounce Religion, Potion Petition, Call Merchant, Bribe Branch


You were on level 8 of the Dungeon.
You worshipped Gozag.
Gozag was pleased with you.
You visited 2 branches of the dungeon, and saw 10 of its levels.

You collected 735 gold pieces.
You paid 61 gold pieces to Gozag.

Inventory:

Missiles
 x - 2 atropa-tipped darts
 y - a curare-tipped dart
 z - 2 poisoned darts
Jewellery
 w - a +4 ring of protection (left tentacle)
Wands
 b - a wand of flame (8) (quivered)
 c - a wand of digging (7)
 n - a wand of roots (1)
Scrolls
 a - a scroll of amnesia
 e - a scroll of identify
 f - 2 scrolls of teleportation
 l - 2 scrolls of vulnerability
 o - a scroll of enchant weapon
 p - 5 scrolls of blinking
 q - a scroll of enchant armour
 v - 5 scrolls of fog {unknown}
Potions
 g - a potion of haste
 h - a potion of curing
 k - a potion of mutation {unknown}
 r - a potion of resistance {unknown}
 s - 2 potions of heal wounds {unknown}
 t - 4 potions of berserk rage {unknown}
 u - 2 potions of attraction {unknown}


   Skills:
 + Level 5.2 Fighting
 - Level 2.3 Dodging
 - Level 1.3 Stealth
 + Level 13.1 Unarmed Combat
 - Level 3.2 Evocations


You had 9 spell levels left.
You didn't know any spells.
Your spell library contained the following spells:

 Spells                   Type           Power      Damage    Failure   Level
 Sting                    Conj/Alch      0%         1d3       24%         1
 Lesser Beckoning         Tloc           0%         N/A       34%         2
 Mercury Vapours          Alch/Air       0%         N/A       34%         2
 Fugue of the Fallen      Necr           0%         N/A       56%         3
 Gell's Gravitas          Tloc           0%         N/A       56%         3
 Ozocubu's Armour         Ice            0%         N/A       56%         3
 Teleport Other           Tloc           0%         N/A       56%         3
 Anguish                  Hex/Necr       0%         N/A       93%         4
 Cause Fear               Hex            0%         N/A       93%         4
 Manifold Assault         Tloc           0%         N/A       93%         4
 Olgreb's Toxic Radiance  Alch           0%         N/A       93%         4
 Enfeeble                 Hex            0%         N/A       100%        7


Dungeon Overview and Level Annotations

Branches:
Dungeon (9/15)             Temple (1/1) D:5
   Lair: D:8-11         Orc: D:9-12

Altars:
Ashenzari
Cheibriados
Dithmenos
Elyvilon
Gozag
Hepliaklqana
Kikubaaqudgha
Makhleb
Nemelex Xobeh
Okawaru
Qazlal
Ru
Sif Muna
Trog
Uskayaw
Vehumet
Wu Jian
Xom
Yredelemnul
Zin
The Shining One

Annotations:
D:5 1 runed translucent door, exclusions: Edmund, door and 2 downstairs, Crazy Yiuf
D:8 exclusion: downstairs, Grum


Innate Abilities, Weirdness & Mutations

You cannot wear most types of armour.
You are amphibious.
You can wear up to eight rings at the same time.
Your skin changes colour to match your surroundings (Stealth+).
Your rubbery body absorbs attacks. (AC +1, EV +1)
((You are camouflaged when in or above water. (Stealth+)))
You have tentacles for arms and can constrict up to eight enemies at once.


Message History

An ice beast comes into view.
The puff of flame hits the ice beast!
The ice beast melts!
The ice beast is moderately wounded.
No target in view!
The puff of flame hits the ice beast!
The ice beast melts!
The ice beast is heavily wounded.
The puff of flame hits the ice beast but does no damage.
The ice beast is heavily wounded.
The puff of flame misses the ice beast.
The puff of flame misses the ice beast.
The puff of flame hits the ice beast.
The ice beast melts!
The ice beast is heavily wounded.
The ice beast misses you.
The puff of flame misses the ice beast.
The ice beast hits you. The ice beast freezes you!
You tentacle-slap the ice beast.
The ice beast is severely wounded.
The ice beast hits you. The ice beast freezes you!
You barely miss the ice beast.
The ice beast is severely wounded.
The ice beast hits you.
* * * LOW HITPOINT WARNING * * *
The ice beast freezes you!
* * * LOW HITPOINT WARNING * * *
You are too injured to fight recklessly!
Aiming: Throw Flame
Press: ? - help, Q - select action, (/) - cycle Shift-Dir - straight line, f/p - ice beast
Aim: an ice beast (severely wounded, 71% to hit)
The puff of flame hits the ice beast!
The ice beast melts!
The ice beast is almost dead.
The ice beast completely misses you.
Aiming: Throw Flame
Press: ? - help, Q - select action, (/) - cycle Shift-Dir - straight line, f/p - ice beast
Aim: an ice beast (almost dead, 71% to hit)
The puff of flame misses the ice beast.
The ice beast hits you.
* * * LOW HITPOINT WARNING * * *
The ice beast freezes you.
You die...
Your body crumbles into a pile of gold.

#...)....# #....##### ###
#....# #####.#####....#
.........#....#
#.......#...(#
#...##..#....# #
#...##..#....# #.
#....@..#....# +..
#...Y...'....# #...
#...##..#....# #....
######..#####Y...#
#.....##...##..#...+....#
#..............#...#....#
...............##..#....#
...............##..#Y...#
..................Y'....#


You could see an ice beast.

Vanquished Creatures
  Psyche (D:8)
  Prince Ribbit (D:5)
  2 yaks
  Edmund (D:5)
  A water moccasin (D:7)
  An orc warrior (D:7)
  3 ogres
  3 black bears
  2 centaurs
  2 wolves (D:9)
  A phantom (D:4)
  4 bullfrogs
  A kobold brigand (D:6)
  A gnoll sergeant (D:6)
  3 scorpions (D:6)
  4 wights (D:7)
  3 howler monkeys
  A hound (D:6)
  3 bombardier beetles (D:5)
  2 jellies
  6 orc priests
  A sleepcap (D:5)
  Ijyb (D:5)
  4 iguanas (D:5)
  Natasha (thrice) (D:4)
  4 orc wizards
  8 adders
  6 gnolls
  5 ribbon worms
  7 orcs
  4 endoplasms
  7 giant cockroaches
  7 hobgoblins
  2 quokkas
  7 ball pythons
  6 bats
  12 goblins
  10 kobolds
  3 rats (D:3)
143 creatures vanquished.

Vanquished Creatures (collateral kills)
  A jelly (D:4)
  A gnoll (D:5)
  A white imp (D:6)
3 creatures vanquished.

Grand Total: 146 creatures vanquished

Notes
Turn   | Place    | Note
-------+----------+-------------------------------------------
     0 | D:1      | H0rd4k the Octopode Artificer began the quest for the Orb.
     0 | D:1      | Reached XP level 1. HP: 13/13 MP: 1/1
   225 | D:1      | Reached skill level 1 in Unarmed Combat
   230 | D:1      | Reached XP level 2. HP: 6/18 MP: 2/2
   730 | D:2      | Reached skill level 2 in Unarmed Combat
   730 | D:2      | Reached XP level 3. HP: 13/24 MP: 3/3
  1162 | D:3      | Reached XP level 4. HP: 15/29 MP: 4/4
  1206 | D:3      | Reached skill level 3 in Unarmed Combat
  1289 | D:3      | Found a faded altar of an unknown god.
  1486 | D:3      | Reached XP level 5. HP: 18/35 MP: 5/5
  1492 | D:3      | Reached skill level 4 in Unarmed Combat
  1851 | D:3      | Found an ornate altar of the Wu Jian Council.
  2255 | D:4      | Reached XP level 6. HP: 11/41 MP: 6/6
  2427 | D:4      | Reached skill level 5 in Unarmed Combat
  2428 | D:4      | Noticed a black bear
  2433 | D:4      | Killed a black bear
  2463 | D:4      | Noticed Natasha
  2472 | D:4      | Killed Natasha
  2706 | D:4      | Reached skill level 6 in Unarmed Combat
  2738 | D:4      | Reached XP level 7. HP: 34/46 MP: 7/7
  2957 | D:5      | Entered Level 5 of the Dungeon
  2967 | D:5      | Reached skill level 7 in Unarmed Combat
  2986 | D:5      | Noticed Edmund
  3207 | D:5      | Reached XP level 8. HP: 54/54 MP: 8/8
  3233 | D:5      | Noticed Ijyb
  3239 | D:5      | Killed Ijyb
  3292 | D:5      | Reached skill level 8 in Unarmed Combat
  3298 | D:5      | Found a staircase to the Ecumenical Temple.
  3304 | Temple   | Entered the Ecumenical Temple
  3311 | Temple   | Became a worshipper of Gozag Ym Sagoz the Greedy
  3425 | D:4      | Noticed Natasha
  3443 | D:4      | Killed Natasha
  3614 | D:4      | Noticed Natasha
  3618 | D:4      | Killed Natasha
  3776 | D:5      | Noticed Prince Ribbit
  3787 | D:5      | Killed Prince Ribbit
  3788 | D:5      | Reached skill level 9 in Unarmed Combat
  4020 | D:5      | Found a runed translucent door.
  4021 | D:5      | Noticed Crazy Yiuf
  4150 | D:5      | Killed Edmund
  4385 | D:6      | Noticed a gargoyle
  4484 | D:6      | Reached skill level 10 in Unarmed Combat
  4544 | D:6      | Reached XP level 9. HP: 59/59 MP: 9/9
  5735 | D:7      | Reached skill level 11 in Unarmed Combat
  6723 | D:6      | Reached skill level 5 in Fighting
  6723 | D:6      | Reached skill level 12 in Unarmed Combat
  7132 | D:8      | Noticed Grum
  7203 | D:8      | Noticed Psyche
  7207 | D:8      | Killed Psyche
  7213 | D:8      | Reached XP level 10. HP: 66/66 MP: 10/10
  7412 | D:8      | Reached skill level 13 in Unarmed Combat
  7563 | D:8      | Noticed a two-headed ogre
  7683 | D:8      | HP: 3/66 [ice beast (4)]
  7683 | D:8      | Slain by an ice beast

Illustrated notes

Levels and vault maps discovered:
D:1:      roderic_chinese_lattice_arrival, layout_rooms, st_stairs_10
D:2:      layout_rooms
D:3:      layout_rooms, nicolae_wu_jian_immortal_techniques,
          ebering_ecumenical_altar_box, serial_glass, glass_columns_b,
          glass_columns_a
D:4:      kennysheep_the_goblin_king, layout_gridville, uniq_natasha
D:5:      layout_loops_ring, minmay_temple_entry_wispy, uniq_ijyb,
          uniq_prince_ribbit1, uniq_edmund, uniq_crazy_yiuf_cottage
D:6:      layout_loops_ring, amcnicky_mini_pool_small
D:7:      layout_gridville
D:8:      nzn_winding_woodlands_three_and_one [nzn_winding_woodlands_5x15_twine,
          nzn_winding_woodlands_5x15_parted,
          nzn_winding_woodlands_5x15_longhouse,
          nzn_winding_woodlands_center_pierced_h], layout_gridville, tgw_fedhas,
          uniq_grum, uniq_psyche
D:9:      lemuel_troll_bridge, layout_loops_ring, serial_shops, shop,
          minmay_increasing_density
Temple:   nicolae_temple_bog_church

Skill      XL: |  1  2  3  4  5  6  7  8  9 10 |
---------------+-------------------------------+-----
Unarmed Combat | 1 2 3 4 6 7 10 12 13 | 13.1
Fighting       | 2 3 4 5 |  5.2
Dodging        | |  2.3
Stealth        | |  1.3
Evocations     | |  3.2

Action                     |  1- 3 |  4- 6 |  7- 9 | 10-12 || total
---------------------------+-------+-------+-------+-------++-------
  Melee: Unarmed           |    84 |    95 |   199 |    33 ||   411
         Constrict         |    24 |    16 |    48 |     3 ||    91
         Tentacles         |    18 |    19 |    57 |     9 ||   103
         Punch             |     5 |     2 |    19 |     4 ||    30
  Evoke: Wand              |       |    17 |    41 |     9 ||    67
    Use: Potion            |       |       |     2 |     2 ||     4
         Scroll            |       |       |     8 |     1 ||     9
   Stab: Sleeping          |     7 |     2 |     9 |       ||    18
         Distracted        |       |       |     1 |       ||     1
 Armour: Skin              |    42 |    47 |   117 |    26 ||   232
  Dodge: Dodged            |    73 |    56 |    91 |    32 ||   252
